 Dungeon Crawl Stone Soup version 0.31-a0-1-g4198be8af4 (webtiles) character file.

Game seed: 4101093911902450389

349 ytrimaz the Ducker (level 6, -1/42 HPs)
             Began as an Octopode Fighter on May 1, 2023.
             Slain by a gnoll
             ... wielding a +0 spear
              (9 damage)
             ... on level 3 of the Dungeon.
             The game lasted 00:02:36 (2087 turns).

ytrimaz the Ducker (Octopode Fighter)               Turns: 2087, Time: 00:02:37

Health: -1/42      AC:  2    Str: 17    XL:     6   Next: 60%
Magic:  6/6        EV: 14    Int: 10    God:
Gold:   167        SH:  4    Dex: 12    Spells: 5/5 levels left

rFire   . . .        d - +1 hand axe
rCold   . . .        b - +0 buckler
rNeg    . . .        (helmet restricted)
rPois   .            (no amulet)
rElec   .            (no ring)
rCorr   .            (no ring)
SInv    .            (no ring)
Will    .....        (no ring)
Stlth   ++           (no ring)
HPRegen 0.27/turn    (no ring)
MPRegen 0.10/turn    (no ring)
                     (no ring)

%: no passive effects
@: no status effects
A: almost no armour, amphibious, 8 rings, camouflage 1, gelatinous body 1,
(nimble swimmer 1), tentacles, antennae 1, shaggy fur 1
a: no special abilities


You were on level 3 of the Dungeon.
You visited 1 branch of the dungeon, and saw 3 of its levels.
You also visited: Sewer.

You collected 167 gold pieces.


Innate Abilities, Weirdness & Mutations

You cannot wear most types of armour.
You are amphibious.
You can wear up to eight rings at the same time.
Your skin changes colour to match your surroundings (Stealth+).
Your rubbery body absorbs attacks. (AC +1, EV +1)
((You are camouflaged when in or above water. (Stealth+)))
You have tentacles for arms and can constrict up to eight enemies at once.
You have a pair of small antennae on your head.
You are covered in fur. (AC +1)


   Skills:
 - Level 3.2 Fighting
 + Level 4.8 Axes
 + Level 5.4 Dodging
 - Level 3.0 Shields


You had 5 spell levels left.
You didn't know any spells.
Your spell library was empty.

Inventory:

Hand Weapons
 a - a +0 war axe
 d - a +1 hand axe (weapon)
   (You found it on level 1 of the Dungeon)
Missiles
 e - 2 throwing nets (quivered)
Armour
 b - a +0 buckler (worn)
Wands
 g - a wand of light (7)
   (You found it on level 2 of the Dungeon)
Scrolls
 i - a scroll of amnesia
Potions
 c - 2 potions of might
 f - 2 potions of mutation
 h - a potion of lignification {unknown}
 j - a potion of degeneration
 k - a potion of magic {unknown}
 l - 2 potions of heal wounds
 m - a potion of resistance {unknown}
 n - a potion of invisibility {unknown}

Dungeon Overview and Level Annotations

Branches:
Dungeon (3/15) Zot: 16251   Sewer (visited)

Altars:

###~#....#.#.#.#.#.
#~~~..#.#.#.#.#.# ##
###~~...$#.#.#.#.#.
#.#
#.#.#.#.#.#.#.#.#.#
#.# #.#.#.#.#.#.#.#.#.
#.#.#
#.#.#.#.#.#.#.#.#
#.#$#+#†#.#.#.#.#.#.#.
#.#...$...#.#.#.#.#.#.
#..$.@..#.#.#.#.#.#.
#.#..gg)..#.#.#.#.#.
#......#######...
#$.....# #. #......#
#...<..# ####.### #.#


You could see 2 gnolls.


Message History

m - a bubbling brown potion
Items here: ( )) †.
No target in view!
Things that are here:
a +0 short sword of protection; a kobold corpse
Items here: ( )) †.
n - a sedimented white potion Done exploring.
As you read the scroll labelled ICAXIN FETO, it crumbles to dust.
You assume a fearsome visage.
Nothing appears to happen.
It was a scroll of fear.
Unknown command.
Unknown command.
There is a gate leading back out of this place here.
Welcome back to the Dungeon!
There is a collapsed entrance here.
Unknown command.
You enter the shallow water.
You now have 155 gold pieces (gained 9).
Found an escape hatch in the ceiling.
A goblin is nearby!
A goblin is nearby!
A goblin is nearby!
You see here 12 gold pieces.
The helpless goblin fails to defend itself.
You hit the goblin. You grab the goblin. You constrict the goblin.
The goblin closely misses you.
You slash the goblin!
You kill the goblin!
No target in view!
No target in view!
No target in view!
No target in view!
No target in view!
No target in view!
No target in view!
No target in view!
No target in view!
You now have 167 gold pieces (gained 12).
h - a white potion A rat comes into view.
A rat is nearby!
You see here 15 gold pieces.
A gnoll comes into view. It is wielding a +0 whip.
The rat misses you.
You barely miss the rat. Your grab misses the rat. The rat closely misses you.
You hit the rat.
You kill the rat!
The gnoll shouts!
A bat comes into view.
A gnoll comes into view. It is wielding a +0 whip.
A gnoll comes into view. It is wielding a +0 spear.
The bat moves out of view.
Found a stone staircase leading up.
You see here a rat corpse.
The gnoll shouts! x2
You block the bat's attack.
The gnoll hits you with a +0 whip! 😕 HP[-8]
You take 8 damage, and now have 34/42 hp.
You closely miss the gnoll. Your grab misses the gnoll.
Your squeeze misses the gnoll. You hit the gnoll.
The bat completely misses you. The gnoll closely misses you.
The gnoll barely misses you. You block the gnoll's attack.
The bat hits you. 😕 HP[-1]
You take 1 damage, and now have 33/42 hp.
There are monsters nearby!
You hit the gnoll. You grab the gnoll. You squeeze the gnoll.
You kill the gnoll!
You hit the bat. You hit the gnoll. The bat closely misses you.
The gnoll barely misses you.
The gnoll completely misses you. 😕 HP[+1] Unknown command.
You hit the gnoll. You grab the gnoll. You constrict the gnoll.
The bat barely misses you. The gnoll hits you with a +0 whip!
The gnoll barely misses you. The gnoll hits you with a +0 whip.
* * * LOW HITPOINT WARNING * * *
The gnoll hits you but does no damage. 😨 HP[-15]
You take 15 damage, and now have 19/42 hp.
MASSIVE DAMAGE!! (PAUSE)
You closely miss the bat. You grab the bat. Your squeeze misses the bat.
You hit the gnoll but do no damage. You constrict the bat.
You kill the bat!
You constrict the gnoll. You block the gnoll's attack.
The gnoll hits you from afar with a +0 spear.
* * * LOW HITPOINT WARNING * * *
😨 HP[-5]
You take 5 damage, and now have 14/42 hp.
Unknown command.
You release your grip on the gnoll.
You block the gnoll's attack. The gnoll hits you with a +0 whip!
* * * LOW HITPOINT WARNING * * *
You see here a bat corpse. 😱 HP[-6]
You take 6 damage, and now have 8/42 hp.
Unknown command.
You hit the gnoll. You grab the gnoll. You hit the gnoll.
You constrict the gnoll. The gnoll closely misses you.
The gnoll hits you with a +0 spear!
You die...

Skill      XL: |  1  2  3  4  5 |
---------------+----------------+-----
Axes           | 3 4 |  4.8
Dodging        | 4 5 |  5.4
Fighting       | |  3.2
Shields        | |  3.0

Action                     |  1- 3 |  4- 6 || total
---------------------------+-------+-------++-------
  Melee: War axe           |    14 |       ||    14
         Constrict         |    13 |    30 ||    43
         Tentacles         |    14 |    18 ||    32
         Hand axe          |    48 |    87 ||   135
    Use: Scroll            |       |     7 ||     7
         Potion            |       |     1 ||     1
   Stab: Sleeping          |     7 |     5 ||    12
 Armour: Skin              |     9 |    11 ||    20
  Dodge: Dodged            |    42 |    65 ||   107
  Block: Buckler           |    11 |    23 ||    34

Levels and vault maps discovered:
D:1:      psy_arrival_fountain, layout_loops_cross
D:2:      layout_loops_ring, uniq_robin, uniq_jessica
D:3:      layout_basic, amcnicky_altar_gilded, lightli_sewer_entry_pipes

Notes
Turn   | Place    | Note
-------+----------+-------------------------------------------
     0 | D:1      | ytrimaz the Octopode Fighter began the quest for the Orb.
     0 | D:1      | Reached XP level 1. HP: 16/16 MP: 1/1
     0 | D:1      | magus.rc [v1.9.6]
   152 | D:1      | Reached XP level 2. HP: 18/21 MP: 2/2
   695 | D:2      | Identified the +8 trident of Valiance {drain, *Noise rC+
                  | Str+5 Dex+3 Stlth+}
   816 | D:2      | Noticed Robin
   818 | D:2      | Reached XP level 3. HP: 26/26 MP: 3/3
   822 | D:2      | Killed Robin
   839 | D:2      | Reached skill level 3 in Axes
   936 | D:2      | Reached XP level 4. HP: 31/31 MP: 4/4
  1082 | D:2      | Reached skill level 4 in Dodging
  1088 | D:2      | Gained mutation: You have a pair of small antennae on your
                  | head. [potion of mutation]
  1088 | D:2      | Gained mutation: You are covered in fur. (AC +1) [potion of
                  | mutation]
  1177 | D:2      | Noticed Jessica
  1182 | D:2      | Killed Jessica
  1430 | D:3      | HP: 4/31 [gnoll/+0 halberd (11)]
  1432 | D:3      | Reached XP level 5. HP: 5/36 MP: 5/5
  1658 | D:3      | Found a glowing drain.
  1665 | D:3      | Reached skill level 4 in Axes
  1669 | Sewer    | Entered a sewer
  1756 | Sewer    | Noticed a kobold brigand
  1760 | Sewer    | Killed a kobold brigand
  1761 | Sewer    | Reached skill level 5 in Dodging
  1761 | Sewer    | Reached XP level 6. HP: 30/42 MP: 6/6
  2086 | D:3      | HP: 8/42 [gnoll/+0 whip (7)]
  2087 | D:3      | Slain by a gnoll

Vanquished Creatures
  2 kobold brigands (Sewer)
  Jessica (D:2)
  Robin (D:2)
  4 gnolls (D:3)
  4 adders
  A river rat (D:3)
  2 worms
  A dart slug (D:1)
  4 endoplasms
  3 giant cockroaches (Sewer)
  10 goblins
  2 hobgoblins (D:2)
  9 jackals
  13 kobolds
  2 quokkas
  4 ball pythons
  11 bats
  2 frilled lizards
  6 rats
82 creatures vanquished.

Vanquished Creatures (others)
  5 plants (Sewer)
5 creatures vanquished.

Grand Total: 87 creatures vanquished

Table legend:
 A = Non-vault XP
 B = Vault XP
 C = Vault XP percentage of total XP
 D = Non-vault monster count
 E = Vault monster count
 F = Vault count percentage of total count
                 A         B        C        D         E       F
            +---------+---------+-------+---------+---------+-------
      Total |     146 |     353 |  70.7 |      40 |      42 |  51.2
            +---------+---------+-------+---------+---------+-------
        D:1 |      18 |       0 |   0.0 |       9 |       0 |   0.0
        D:2 |      54 |      68 |  55.7 |      18 |      10 |  35.7
        D:3 |      74 |      44 |  37.3 |      13 |       4 |  23.5
      Sewer |       0 |     241 | 100.0 |       0 |      28 | 100.0
            +---------+---------+-------+---------+---------+-------

Skill      XL: |  1  2  3  4  5 |
---------------+----------------+-----
Axes           | 3 4 |  4.8
Dodging        | 4 5 |  5.4
Fighting       | |  3.2
Shields        | |  3.0

Action                     |  1- 3 |  4- 6 || total
---------------------------+-------+-------++-------
  Melee: War axe           |    14 |       ||    14
         Constrict         |    13 |    30 ||    43
         Tentacles         |    14 |    18 ||    32
         Hand axe          |    48 |    87 ||   135
    Use: Scroll            |       |     7 ||     7
         Potion            |       |     1 ||     1
   Stab: Sleeping          |     7 |     5 ||    12
 Armour: Skin              |     9 |    11 ||    20
  Dodge: Dodged            |    42 |    65 ||   107
  Block: Buckler           |    11 |    23 ||    34

Illustrated notes

Table legend:
 A = Kills in this place as a percentage of kills in the entire game.
 B = Kills by you in this place as a percentage of kills by you in the entire game.
 C = Kills by friends in this place as a percentage of kills by friends in the entire game.
 D = Other kills in this place as a percentage of other kills in the entire game.
 E = Experience gained in this place as a percentage of experience gained in the entire game.
 F = Experience gained in this place divided by the number of levels of this place that you have seen.
                   A       B       C       D       E      F
               +-------+-------+-------+-------+-------+----------------------
         Total | 100.0 | 100.0 |   N/A |   N/A | 100.0 | 124.8
       Dungeon |  65.9 |  65.9 |   N/A |   N/A |  51.7 |  86.0
         Sewer |  34.1 |  34.1 |   N/A |   N/A |  48.3 | 241.0
               +-------+-------+-------+-------+-------+----------------------

Table legend: (Time is in decaauts)
 A = Elapsed time spent in this place.
 B = Non-inter-level travel time spent in this place.
 C = Inter-level travel time spent in this place.
 D = Time resting spent in this place.
 E = Time spent auto-exploring this place.
 F = Levels seen in this place.
 G = Mean time per level.
                   A        B        C        D        E       F      G
               +--------+--------+--------+--------+--------+-----+--------+
         Total |   2114 |   2090 |     24 |      2 |   1611 |   4 |  528.5 |
       Dungeon |   1747 |   1723 |     24 |      2 |   1364 |   3 |  582.3 |
         Sewer |    367 |    367 |      0 |      0 |    247 |   1 |  367.0 |
               +--------+--------+--------+--------+--------+-----+--------+

Top non-repeatable levels by time:
     D:2: 833 daAuts
     D:1: 606 daAuts
   Sewer: 367 daAuts
     D:3: 306 daAuts
